AoeStats
← EN_Tsai

Arabia

509657361Analyzed
2v2 RM · 4d ago on Sep 27, 2026· 38m 19s· 4 players
Game mode
Random Map
Map size
Medium (4 player)
Population
200
Speed
Normal
Resources
Standard
Victory
Conquest
Starting age
Dark Age
Ending age
Imperial Age
RankedLock teamsTeams togetherTeam positionsShared explorationLock speedFull tech treeHidden civsTurbo modeCheats
Victory
Defeat
🇬🇧 Saxons · United Kingdom
1260
+14
🇮🇹 Varangians · Italy
1204
+16
🇹🇼 Varangians · Taiwan
1213
-15
🇹🇼 Bohemians · Taiwan
1212
-15
EN_Tsai
10:03 Feudal Age
8:19 Loom
14:53 Castle Age
23:51 Double-Bit Axe
23:33 Pikeman
32:40 Wagenburg Tactics
32:40 Squires
White_Tsai
5:13 Loom
10:10 Feudal Age
15:52 Castle Age
15:13 Double-Bit Axe
21:53 Bloodlines
21:44 Husbandry
21:59 Scale Barding Armor
32:26 Wheelbarrow
31:36 Town Watch
35:59 Imperial Age
33:15 Treadmill Crane
NICH
8:55 Feudal Age
10:01 Arson
10:19 Loom
11:17 Double-Bit Axe
14:19 Fletching
14:53 Horse Collar
16:23 Wheelbarrow
22:25 Castle Age
20:56 Padded Archer Armor
21:27 Gold Mining
23:04 Bodkin Arrow
22:56 Crossbowman
23:42 Thumb Ring
24:01 Leather Archer Armor
31:34 Heavy Plow
33:00 Bow Saw
35:35 Ballistics
35:28 Masonry
36:07 Hand Cart
35:38 Town Watch
39:07 Imperial Age
38:37 Hand Cart
38:07 Town Watch
39:16 Gold Shaft Mining
38:31 Stone Mining
Mich
6:24 Loom
9:12 Feudal Age
11:19 Bloodlines
17:27 Scale Barding Armor
21:15 Castle Age
19:37 Forging
23:05 Double-Bit Axe
24:22 Bow Saw
34:04 Husbandry
34:26 Chain Barding Armor
34:41 Iron Casting
36:36 Light Cavalry
38:19 Wheelbarrow
37:29 Town Watch
37:27 Horse Collar
38:17 Devotion
Connection lost

Rejoining the realm…

Still unreachable

The connection could not be restored.

Session expired

The server has moved on; the page needs a fresh start.